 Dungeon Crawl Stone Soup version 0.29-a0-1039-gfc20370e89 (webtiles) character file.

Game seed: 13572559382862268967

14898 Plasmagod the Brawler (level 11, 0/117 HPs)
             Began as a Troll Berserker on Aug 15, 2022.
             Was a High Priest of Trog.
             Slain by a fire elemental (12 damage)
             ... led by Azrael
             ... on level 12 of the Dungeon.
             The game lasted 00:22:51 (9867 turns).

Plasmagod the Brawler (Troll Berserker)             Turns: 9867, Time: 00:22:52

Health: 0/117      AC: 13    Str: 31    XL:     11   Next: 94%
Magic:  10/10      EV:  9    Int:  3    God:    Trog [*****.]
Gold:   674        SH:  0    Dex:  9    Spells: 10/10 levels left

rFire   . . .      SeeInvis .     - Unarmed
rCold   . . .      Faith    .   (no shield)
rNeg    . . .      Spirit   .   M - +4 troll leather armour
rPois   .          Reflect  .   (helmet restricted)
rElec   .          Harm     .   l - +2 cloak
rCorr   .          Rampage  .   (gloves unavailable)
Will    +....                   (boots unavailable)
Stlth   +.........              q - amulet of regeneration
HPRegen 2.69/turn               a - +4 ring of slaying
MPRegen 0.12/turn               J - ring of willpower

@: on berserk cooldown, slowed, very slow
A: large, unfitting armour, claws 3, regeneration 1, shaggy fur 1, tough skin 1
a: Renounce Religion, Berserk, Trog's Hand, Brothers in Arms


You were on level 12 of the Dungeon.
You worshipped Trog.
Trog was extremely pleased with you.
You visited 1 branch of the dungeon, and saw 12 of its levels.
You also visited: Ossuary.

You collected 674 gold pieces.

Inventory:

Hand Weapons
 D - a +1 broad axe
 K - a +9 trident
Missiles
 y - 8 large rocks (quivered)
 z - a throwing net
Armour
 l - a +2 cloak (worn)
 M - a +4 troll leather armour (worn)
Jewellery
 a - a +4 ring of slaying (left claw)
 h - a ring of positive energy
 k - a ring of fire
 q - an amulet of regeneration (around neck)
 A - a ring of protection from cold
 J - a ring of willpower (right claw)
Wands
 w - a wand of polymorph (1)
 x - a wand of paralysis (12)
 B - a wand of flame (20)
 H - a wand of light (14)
 L - a wand of roots (4)
Scrolls
 b - 2 scrolls of vulnerability
 c - 3 scrolls of blinking
 d - 3 scrolls of poison
 g - 8 scrolls of noise
 j - 3 scrolls of identify
 n - 4 scrolls of fear
 r - 5 scrolls of teleportation
 u - a scroll of summoning {unknown}
 C - 3 scrolls of enchant armour
 E - 2 scrolls of butterflies
Potions
 e - a potion of cancellation
 f - 2 potions of haste
 i - 7 potions of curing
 m - 2 potions of heal wounds
 o - a potion of flight
 p - 2 potions of degeneration
 s - 2 potions of might
 t - 3 potions of attraction
 v - 3 potions of lignification
 F - 2 potions of resistance
 G - 2 potions of ambrosia
 I - a potion of mutation {unknown}


   Skills:
 + Level 9.9 Fighting
 - Level 2.4 Dodging
 - Level 16.0 Unarmed Combat


You had 10 spell levels left.
You didn't know any spells.
Your spell library was empty.

Dungeon Overview and Level Annotations

Branches:
Dungeon (12/15)            Temple (0/1) D:7            Lair (0/5) D:11
    Orc (0/2) D:9         Ossuary (visited)

Altars:
Ashenzari
Dithmenos
Fedhas
Hepliaklqana
Kikubaaqudgha
Makhleb
Okawaru
Ru
Trog
Vehumet
Wu Jian
Yredelemnul

Annotations:
D:2 1 runed translucent door, Crazy Yiuf


Innate Abilities, Weirdness & Mutations

You are too large for most types of armour.
You have claws for hands.
Your natural rate of healing is unusually fast.
You are covered in fur. (AC +1)
You have tough skin. (AC +1)


Message History

The hell hound closely misses you.
You mangle the fire elemental!!
The fire elemental is almost destroyed.
The fire elemental hits you. The fire elemental burns you!
* * * LOW HITPOINT WARNING * * *
The fire elemental misses you.
You barely miss the fire elemental.
The fire elemental is almost destroyed.
The hell hound bites you!
* * * LOW HITPOINT WARNING * * *
The fire elemental hits you. The fire elemental burns you!
* * * LOW HITPOINT WARNING * * *
You are no longer berserk.
You are exhausted.
You feel yourself slow down.
The hell hound bites you but does no damage.
The hell hound breathes flames at you.
The blast of flame hits the hell hound.
The hell hound completely resists.
The blast of flame hits you!!
* * * LOW HITPOINT WARNING * * *
The hell hound bites you.
* * * LOW HITPOINT WARNING * * *
Okay, then.
You feel much better. The hell hound breathes flames at you.
The blast of flame hits you!
* * * LOW HITPOINT WARNING * * *
The fire elemental hits you. The fire elemental burns you!
* * * LOW HITPOINT WARNING * * *
The hell hound bites you but does no damage.
The hell hound bites you.
* * * LOW HITPOINT WARNING * * *
The hell hound breathes flames at you. The blast of flame misses you.
The fire elemental hits you. The fire elemental burns you!
* * * LOW HITPOINT WARNING * * *
There is a stone staircase leading up here.
The hell hound bites you but does no damage.
The fire elemental hits you. The fire elemental burns you!
You die...

#+## ...####
###+######.......
+.......°°○......
#.....○.○°......
##....°h##°######
.....○hE##...##
......E@.......
...............#
...............#
##>.....##...###
######## ...#
...# ...# ..#


You could see 2 fire elementals and 2 hell hounds.

Vanquished Creatures
  Azrael (D:12)
  A rakshasa (D:8)
  A hydra (D:11)
  A boulder beetle (D:8)
  A two-headed ogre (D:11)
  Pikel (D:7)
  A cyclops (D:8)
  Psyche (D:11)
  5 trolls
  A hornet (D:10)
  Sigmund (D:2)
  A shadow (D:9)
  9 yaks (D:10)
  A yak (shapeshifter) (D:8)
  A fire elemental (D:12)
  2 humans (D:10)
  Grum (D:10)
  A steam dragon (D:8)
  Menkaure (D:6)
  2 vampire mosquitoes (D:8)
  2 acid dragons
  3 hell hounds (D:12)
  A hornet zombie (Ossuary)
  2 ice beasts (D:8)
  2 orc warriors
  A sky beast (D:7)
  A black bear (D:7)
  4 centaurs
  8 wolves
  A boggart (D:8)
  2 ogres
  2 phantoms (D:9)
  A lemure (D:7)
  An elf zombie (D:8)
  2 necrophages
  Blork the orc (D:6)
  2 bullfrogs
  2 water moccasin zombies (Ossuary)
  A wyvern zombie (Ossuary)
  5 gnoll sergeants
  2 scorpions (D:6)
  6 wights (D:6)
  An elf skeleton (D:8)
  2 troll zombies (D:9)
  14 killer bees
  3 howler monkeys
  4 electric eels (D:11)
  A vampire bat (D:7)
  2 centaur zombies (Ossuary)
  10 bullfrog zombies (Ossuary)
  5 hounds
  2 jellies
  2 orc priests
  A human skeleton (D:8)
  Terence (D:2)
  Natasha (thrice) (D:2)
  3 iguanas
  7 orc wizards
  4 killer bee zombies (Ossuary)
  6 ogre zombies (D:9)
  13 mummies (Ossuary)
  2 howler monkey zombies (Ossuary)
  13 gnolls
  10 adders
  A shadow imp (D:5)
  3 ufetubi
  3 worms
  5 dart slugs
  26 orcs
  3 bats
  3 bat skeletons (D:7)
  3 bat zombies (D:7)
  4 endoplasms
  7 giant cockroaches
  8 goblins
  8 hobgoblins
  2 jackals
  6 quokkas
  9 ball pythons
  3 frilled lizards
  A goblin skeleton (D:9)
  3 goblin zombies (D:9)
  A hobgoblin skeleton (D:9)
  3 hobgoblin zombies (D:9)
  7 kobolds
  6 orc skeletons
  14 orc zombies (D:9)
  4 rats (D:1)
328 creatures vanquished.

Vanquished Creatures (others)
  A withered plant (Ossuary)
1 creature vanquished.

Grand Total: 329 creatures vanquished

Notes
Turn   | Place    | Note
-------+----------+-------------------------------------------
     0 | D:1      | Plasmagod the Troll Berserker began the quest for the Orb.
     0 | D:1      | Reached XP level 1. HP: 22/22 MP: 0/0
   110 | D:1      | Reached XP level 2. HP: 29/29 MP: 1/1
   324 | D:1      | Found a faded altar of an unknown god.
   431 | D:1      | Reached skill level 4 in Unarmed Combat
   682 | D:2      | Reached XP level 3. HP: 36/36 MP: 2/2
   685 | D:2      | Reached ** piety under Trog
   687 | D:2      | Noticed Terence
   693 | D:2      | Killed Terence
   728 | D:2      | Noticed Natasha
   732 | D:2      | Killed Natasha
   733 | D:2      | Reached skill level 5 in Unarmed Combat
   733 | D:2      | Reached XP level 4. HP: 44/44 MP: 3/3
   842 | D:2      | Noticed Natasha
   860 | D:2      | Killed Natasha
   871 | D:2      | Found a runed translucent door.
   872 | D:2      | Noticed Crazy Yiuf
  1096 | D:2      | Noticed Natasha
  1113 | D:2      | Killed Natasha
  1114 | D:2      | Reached XP level 5. HP: 45/50 MP: 4/4
  1132 | D:2      | Noticed Sigmund
  1141 | D:2      | Killed Sigmund
  1142 | D:2      | Reached skill level 7 in Unarmed Combat
  1142 | D:2      | Reached XP level 6. HP: 59/59 MP: 5/5
  1803 | D:3      | Reached *** piety under Trog
  1827 | D:3      | Found a basalt altar of Yredelemnul.
  1997 | D:3      | Found a shadowy altar of Dithmenos.
  1998 | D:3      | You fall into a shaft and drop 2 floors!
  1998 | D:5      | Entered Level 5 of the Dungeon
  2755 | D:4      | Found a broken altar of Ashenzari.
  2760 | D:4      | Found a bloodstained altar of Trog.
  3067 | D:4      | Reached skill level 8 in Unarmed Combat
  3447 | D:5      | Reached XP level 7. HP: 66/66 MP: 6/6
  3552 | D:5      | Reached skill level 9 in Unarmed Combat
  3559 | D:5      | Reached **** piety under Trog
  4051 | D:5      | Found a hazy altar of Hepliaklqana.
  4427 | D:6      | Noticed Menkaure
  4436 | D:6      | Killed Menkaure
  4437 | D:6      | Reached skill level 10 in Unarmed Combat
  4437 | D:6      | Reached XP level 8. HP: 56/74 MP: 7/7
  4488 | D:6      | Noticed Blork the orc
  4499 | D:6      | Killed Blork the orc
  4566 | D:6      | Reached skill level 11 in Unarmed Combat
  4819 | D:6      | Reached skill level 12 in Unarmed Combat
  5212 | D:7      | Reached XP level 9. HP: 79/80 MP: 8/8
  5217 | D:7      | Noticed Pikel
  5223 | D:7      | Killed Pikel
  5245 | D:7      | Found a staircase to the Ecumenical Temple.
  5335 | D:7      | Reached skill level 13 in Unarmed Combat
  5344 | D:7      | Found an ancient bone altar of Kikubaaqudgha.
  6014 | D:8      | Found a sand-covered staircase.
  6022 | Ossuary  | Entered an ossuary
  6130 | Ossuary  | Reached skill level 14 in Unarmed Combat
  6148 | Ossuary  | Reached ***** piety under Trog
  6379 | D:8      | Found a radiant altar of Vehumet.
  6392 | D:8      | Reached XP level 10. HP: 88/88 MP: 9/9
  6826 | D:8      | Noticed a cyclops
  6830 | D:8      | Killed a cyclops
  6831 | D:8      | Reached skill level 15 in Unarmed Combat
  6898 | D:8      | Noticed a rakshasa
  6903 | D:8      | Killed a rakshasa
  6913 | D:8      | Noticed a boulder beetle
  6984 | D:8      | Killed a boulder beetle
  6985 | D:8      | Reached skill level 16 in Unarmed Combat
  7117 | D:8      | Found a blossoming altar of Fedhas.
  7265 | D:9      | Found a staircase to the Orcish Mines.
  7286 | D:9      | Reached skill level 5 in Fighting
  7307 | D:9      | Received a gift from Trog
  7319 | D:9      | Reached XP level 11. HP: 67/104 MP: 10/10
  7470 | D:9      | Identified the +7 chain mail of Charred Creativity {rF+
                  | Str+5}
  7940 | D:10     | Entered Level 10 of the Dungeon
  7992 | D:10     | Found a burning altar of Makhleb.
  8120 | D:10     | Noticed Grum
  8139 | D:10     | Killed Grum
  8242 | D:10     | Found a sacrificial altar of Ru.
  8346 | D:10     | Found an ornate altar of the Wu Jian Council.
  8672 | D:10     | Paralysed by a hornet for 3 turns
  8773 | D:10     | Found an iron altar of Okawaru.
  8968 | D:11     | Noticed a four-headed hydra
  8973 | D:11     | Noticed a two-headed ogre
  8976 | D:11     | Killed a ten-headed hydra
  9034 | D:11     | Killed a two-headed ogre
  9066 | D:11     | Noticed Psyche
  9081 | D:11     | Killed Psyche
  9277 | D:11     | Found a staircase to the Lair.
  9838 | D:12     | Noticed Azrael
  9852 | D:12     | Killed Azrael
  9864 | D:12     | HP: 3/117 [hell hound/blast of flame[Azrael] (23)]
  9867 | D:12     | Slain by a fire elemental

Illustrated notes

Levels and vault maps discovered:
D:1:      nzn_arrival_depleted_hourglass, layout_basic,
          shapermc_ecumenical_altar_petra
D:2:      minmay_thinvault, layout_basic, minmay_pentomino_s2,
          uniq_crazy_yiuf_cottage, uniq_natasha, uniq_sigmund, uniq_terence
D:3:      layout_basic, grunt_dithmenos_smoke, old_standard_altar,
          minmay_diced_spiral
D:4:      layout_loops_cross, minitemple
D:5:      layout_layer_cave, nzn_hepliaklqana_mist_gate
D:6:      layout_loops_ring, sword_in_stone, uniq_menkaure
D:7:      layout_loops_cross, kennysheep_vampire_church,
          minmay_temple_entry_glassed_door, uniq_pikel
D:8:      layout_loops_ring, mainiacjoe_overflow_brackets,
          fedhas_altar_fruit_tree, nicolae_ossuary_entry_catacombs,
          minmay_evil_grid
D:9:      layout_loops_ring, nicolae_overflow_hidden_temple, zombieorc2_lemuel
D:10:     layout_basic, okawaru_humans, nicolae_wu_jian_glorious_leap,
          mainiacjoe_overflow_concentric_impassable,
          nicolae_ru_great_annihilating_truth, uniq_grum
D:11:     layout_gridville, erik_lair_island, nrook_uturn, minivault_4,
          uniq_psyche
D:12:     layout_gridville, uniq_nessos, uniq_frances, uniq_azrael, uniq_lodul

Skill      XL: |  1  2  3  4  5  6  7  8  9 10 11 |
---------------+----------------------------------+-----
Unarmed Combat | 4 5 7 8 10 12 14 16 | 16.0
Fighting       | 5 9 |  9.9
Dodging        | |  2.4

Action                   |  1- 3 |  4- 6 |  7- 9 | 10-12 || total
-------------------------+-------+-------+-------+-------++-------
Melee: Unarmed           |    72 |   160 |   283 |   350 ||   865
       Punch             |       |     4 |    19 |    23 ||    46
Throw: Large rock        |       |       |       |     1 ||     1
Invok: Berserk           |       |     1 |     2 |     9 ||    12
       Trog's Hand       |       |       |       |     2 ||     2
  Use: Scroll            |       |       |    17 |    15 ||    32
       Potion            |       |       |       |     3 ||     3
 Stab: Sleeping          |       |     2 |     1 |       ||     3
       Distracted        |       |       |     1 |       ||     1
       Invisible         |       |       |       |     1 ||     1
       Paralysed         |       |       |       |     1 ||     1
Armor: Animal skin       |    18 |    59 |    94 |   143 ||   314
       Troll leather arm |       |       |       |    30 ||    30
Dodge: Dodged            |    33 |    65 |   101 |   212 ||   411

Table legend: (Time is in decaauts)
 A = Elapsed time spent in this place.
 B = Non-inter-level travel time spent in this place.
 C = Inter-level travel time spent in this place.
 D = Time resting spent in this place.
 E = Time spent auto-exploring this place.
 F = Levels seen in this place.
 G = Mean time per level.
                   A        B        C        D        E       F      G
               +--------+--------+--------+--------+--------+-----+--------+
         Total |   9804 |   9438 |    366 |    317 |   7324 |  13 |  754.2 |
       Dungeon |   9504 |   9138 |    366 |    308 |   7169 |  12 |  792.0 |
       Ossuary |    300 |    300 |      0 |      9 |    154 |   1 |  300.0 |
               +--------+--------+--------+--------+--------+-----+--------+

Top non-repeatable levels by time:
     D:2: 1146 daAuts
    D:10: 1066 daAuts
     D:5: 1017 daAuts
     D:8: 997 daAuts
     D:3: 839 daAuts
    D:11: 826 daAuts
     D:6: 758 daAuts
     D:9: 758 daAuts
     D:4: 708 daAuts
     D:7: 698 daAuts
     D:1: 665 daAuts
 Ossuary: 300 daAuts
    D:12: 22 daAuts
